 Dungeon Crawl Stone Soup version 0.21-a0-442-g848f44b (webtiles) character file.

130 theanonym the Chopper (level 5, 0/61 HPs)
             Began as a Formicid Abyssal Knight on Nov 16, 2017.
             Was a Believer of Lugonu.
             Slain by a mummy (4 damage)
             ... in an ossuary.
             The game lasted 00:04:52 (2987 turns).

theanonym the Chopper (Formicid Abyssal Knight)     Turns: 2987, Time: 00:04:53

Health: 0/61       AC: 22    Str: 18    XL:     5   Next: 36%
Magic:  7/7        EV:  2    Int: 11    God:    Lugonu [**....]
Gold:   148        SH:  0    Dex: 10    Spells: 4/4 levels left

rFire    . . .     SeeInvis .   a - +1 hand axe
rCold    . . .     Gourm    .   (no shield)
rNeg     + + +     Faith    .   (armour currently unavailable)
rPois    +         Spirit   .   (helmet unavailable)
rElec    .         Reflect  .   (cloak currently unavailable)
rCorr    .         Harm     .   (gloves currently unavailable)
MR       .....                  (boots currently unavailable)
Stlth    +.........             (no amulet)
HPRegen  0.20/turn              i - ring of poison resistance {rPois}
MPRegen  0.10/turn              (no ring)

@: tree-form
A: permanent stasis, dig shafts and tunnels, four strong arms
a: Depart the Abyss, Bend Space, Renounce Religion


Innate Abilities, Weirdness & Mutations

You cannot be hasted, slowed, berserked, paralysed or teleported.
You can dig through walls and to a lower floor.
Your four strong arms can wield two-handed weapons with a shield.
((You have a pair of large antennae on your head. (SInv)))


   Skills:
 - Level 3.2 Fighting
 * Level 4.4 Axes
 - Level 2.1 Armour
 - Level 0.8 Dodging
 + Level 3.8 Invocations


You had 4 spell levels left.
You didn't know any spells.

Skill      XL: |  1  2  3  4 |
---------------+-------------+-----
Axes           | 3 4 |  4.4
Invocations    | 3 |  3.8
Fighting       | |  3.2
Armour         | |  2.1
Dodging        | |  0.8

Action                   |  1- 3 |  4- 6 || total
-------------------------+-------+-------++-------
Melee: Hand axe          |   109 |    70 ||   179
  Use: Scroll            |     4 |     2 ||     6
       Potion            |       |     4 ||     4
  Eat: Chunk             |     3 |     4 ||     7
Armor: Leather armour    |     3 |       ||     3
       Chain mail        |    32 |       ||    32
       Ring mail         |    19 |    17 ||    36
       Scale mail        |       |     9 ||     9
       Skin              |       |     4 ||     4
Dodge: Dodged            |    37 |    45 ||    82

Inventory:

Hand Weapons
 a - a +1 hand axe (weapon)
Missiles
 r - 8 poisoned needles
Armour
 b - a +0 leather armour
 j - a +0 ring mail
   (You found it on level 2 of the Dungeon)
 k - a +0 scale mail (melded)
   (You found it on level 3 of the Dungeon)
 n - a +1 pair of boots (melded)
   (You found it on level 3 of the Dungeon)
 p - a +0 pair of gloves (melded)
   (You found it on level 3 of the Dungeon)
Jewellery
 i - a ring of poison resistance (left branch) {rPois}
   (You found it on level 2 of the Dungeon)
Scrolls
 l - a scroll of immolation
Potions
 d - a potion of lignification
 o - a potion of flight
Comestibles
 c - a bread ration
 f - 4 meat rations
 g - 2 fruits
 q - a royal jelly
 t - 2 chunks of flesh

Dungeon Overview and Level Annotations

Branches:
Dungeon (4/15)
 Temple: D:4-7

Altars:

Annotations:
D:4 Natasha; theanonym's ghost, novice FoAK You were in an ossuary. You worshipped Lugonu. Lugonu was pleased with you. You were not hungry. You were a tree. You visited 1 branch of the dungeon, and saw 4 of its levels. You visited the
Abyss 1 time. You also visited: Ossuary. You collected 148 gold pieces.


Message History

You start resting.
You hear the hiss of an avalanche of sand.
Natasha, Servant of Life and Death comes into view.
Natasha hisses angrily.
Found 10 gold pieces.
Okay, then.
Unknown command.
Unknown command.
Theanonym's ghost (novice Formicid Abyssal Knight) comes into view.
Okay, then.
Unknown command.
Okay, then.
Unknown command.
As you read the scroll labeled WULYCL NUUGUEBROM, it crumbles to dust.
The scroll dissolves into smoke.
It was a scroll of fog.
As you read the scroll labeled CIZXID QAOCKIA, it crumbles to dust.
It is a scroll of enchant armour.
Your +0 pair of boots glows green for a moment.
Theanonym's ghost proudly claims, "A renegade god deserves renegade ghosts."
It was a potion of ambrosia.
You are confused.
You feel invigorated. Natasha claws you but does no damage.
Health restored: 41 It was a potion of heal wounds.
You feel much better. Natasha claws you but does no damage.
You're too confused to move!
Natasha claws you.
You take 2 damage, and have 39/41 hp.
Natasha mewls in sadness.
Health restored: 41 You closely miss Natasha.
Natasha claws you but does no damage.
You enter a teleport trap!
The teleport trap disappears.
Natasha claws you.
You take 1 damage, and have 40/41 hp.
Health restored: 41 Natasha closely misses you.
Theanonym's ghost hits you.
You take 2 damage, and have 39/41 hp.
Natasha casts a spell.
Theanonym's ghost closely misses you.
Health restored: 41 You feel less invigorated.
You feel less confused. Theanonym's ghost hits you.
You take 6 damage, and have 35/41 hp.
A worker ant comes into view.
The worker ant twitches its antennae in your direction.
Natasha barely misses you. Theanonym's ghost hits you!
Natasha closely misses you.
You take 9 damage, and have 26/41 hp.
MASSIVE DAMAGE!!
Theanonym's ghost hits you!
* * * LOW HITPOINT WARNING * * *
You take 11 damage, and have 15/41 hp.
MASSIVE DAMAGE!!
A human zombie comes into view.
Found a sand-covered staircase.
The human zombie hits you but does no damage.
A giant cockroach comes into view.
The human zombie hits you.
* * * LOW HITPOINT WARNING * * *
There is a sand-covered staircase here.
You take 3 damage, and have 13/41 hp.
Theanonym's ghost hits you.
* * * LOW HITPOINT WARNING * * *
The human zombie hits you.
* * * LOW HITPOINT WARNING * * *
The world spins around you as you enter the gateway.
You enter an ossuary!
Beware, you cannot shaft yourself on this level. 3 mummies come into view.
Found a gate leading back out of this place.
There is an empty arch of ancient stone here.
You take 4 damage, and have 9/41 hp.
There is a gate leading back out of this place here.
There are monsters nearby!
It was a potion of lignification.
You turn into a tree.
Your +0 pair of gloves melds into your body.
Your +1 pair of boots melds into your body.
Your +0 scale mail melds into your body.
Your roots penetrate the ground.
You now have 15/61 hp.
It was a potion of flight.
Your roots keep you in place.
Okay, then.
You aren't carrying any items that you can evoke.
Unknown command.
You hit the mummy. x2
You hit the mummy. You hit the mummy but do no damage.
The mummy hits you but does no damage.
You closely miss the mummy. You hit the mummy but do no damage.
You barely miss the mummy. The mummy hits you but does no damage.
The mummy hits you.
* * * LOW HITPOINT WARNING * * *
The mummy hits you but does no damage.
You take 2 damage, and have 14/61 hp.
You barely miss the mummy. You hit the mummy but do no damage.
You hit the mummy. The mummy hits you but does no damage.
You hit the mummy. x3; The mummy hits you!
* * * LOW HITPOINT WARNING * * *
The mummy hits you.
* * * LOW HITPOINT WARNING * * *
You take 11 damage, and have 4/61 hp.
You hit the mummy. x2; You hit the mummy but do no damage.
The mummy hits you.
You die...

###
#..######
{
##....M♣#
#...∩.MM+
##......#
#..######
{ ###


You could see 3 mummies.

Notes
Turn   | Place    | Note
-------+----------+-------------------------------------------
     0 | Abyss:1  | theanonym the Formicid Abyssal Knight began the quest for the Orb.
     0 | Abyss:1  | Reached XP level 1. HP: 18/18 MP: 2/2
    17 | D:1      | Escaped the Abyss
    76 | D:1      | Reached XP level 2. HP: 19/24 MP: 3/3
   850 | D:2      | HP: 10/24 [worm (8)]
   852 | D:2      | Reached skill level 3 in Axes
   852 | D:2      | Reached XP level 3. HP: 13/29 MP: 5/5
  1406 | D:2      | Reached skill level 3 in Invocations
  1629 | D:2      | Reached ** piety under Lugonu
  1987 | D:3      | Reached XP level 4. HP: 32/35 MP: 6/6
  2207 | D:3      | Reached skill level 4 in Axes
  2435 | D:3      | Reached XP level 5. HP: 33/41 MP: 7/7
  2758 | D:4      | HP: 20/41 [worker ant (1)]
  2765 | D:4      | HP: 15/41 [poisoned by a worker ant]
  2950 | D:4      | Noticed Natasha
  2952 | D:4      | Noticed theanonym's ghost (novice FoAK)
  2966 | D:4      | HP: 15/41 [theanonym's ghost (11)]
  2967 | D:4      | Found a sand-covered staircase.
  2971 | D:4      | HP: 12/41 [theanonym's ghost (1)]
  2972 | Ossuary  | Entered an ossuary
  2984 | Ossuary  | HP: 14/61 [mummy (2)]
  2986 | Ossuary  | HP: 4/61 [mummy (3)]
  2987 | Ossuary  | Slain by a mummy

Vanquished Creatures
  An orc wizard (D:3)
  A worker ant (D:4)
  An adder (D:2)
  An ooze (D:1)
  3 worms
  A leopard gecko (D:3)
  7 orcs (D:3)
  4 giant cockroaches
  6 goblins
  2 hobgoblins
  2 jackals (D:2)
  5 kobolds
  A quokka (D:2)
  4 bats
  5 frilled lizards
  3 rats
47 creatures vanquished.
